 Dungeon Crawl Stone Soup version 0.23.2-33-g5129a83184 (webtiles) character file.

Game seed: 8931509952919031061

256 troglodite the Charmwright (level 6, 0/50 HPs)
             Began as a Gnoll Skald on July 3, 2019.
             Slain by Grendash's ghost (16 damage)
             ... on level 3 of the Dungeon on July 4, 2019.
             The game lasted 00:07:16 (3296 turns).

troglodite the Charmwright (Gnoll Skald)            Turns: 3296, Time: 00:07:16

Health: 0/50       AC:  5    Str: 14    XL:     6   Next: 15%
Magic:  12/13      EV: 13    Int: 17    God:
Gold:   144        SH:  0    Dex: 14    Spells: 8/15 levels left

rFire    . . .     SeeInvis .   a - +0 spear
rCold    . . .     Gourm    .   (no shield)
rNeg     . . .     Faith    .   t - +0 ring mail
rPois    .         Spirit   .   (no helmet)
rElec    .         Reflect  .   (no cloak)
rCorr    .         Harm     .   (no gloves)
MR       .....                  (no boots)
Stlth    +.........             (no amulet)
HPRegen  0.16/turn              (no ring)
MPRegen  0.13/turn              (no ring)

@: no status effects
A: distributed training, fangs 1, strong nose
a: no special abilities


You were on level 3 of the Dungeon.
You were not hungry.

You visited 1 branch of the dungeon, and saw 3 of its levels.

You collected 144 gold pieces.

Inventory:

Hand Weapons
 a - a +0 spear (weapon)
Missiles
 q - 7 javelins (quivered)
Armour
 t - a +0 ring mail (worn)
Jewellery
 b - a +3 ring of slaying {unknown}
Scrolls
 e - 6 scrolls of identify {unknown}
 f - a scroll of random uselessness {unknown}
 g - a scroll of magic mapping {unknown}
 h - a scroll of teleportation {unknown}
 i - 3 scrolls of blinking {unknown}
 j - 3 scrolls of amnesia {unknown}
 m - 6 scrolls of remove curse {unknown}
 n - a scroll of enchant armour {unknown}
 r - a scroll of noise {unknown}
 u - a scroll of fog {unknown}
Potions
 c - a potion of magic {unknown}
 k - a potion of ambrosia {unknown}
 l - a potion of agility {unknown}
 o - a potion of curing {unknown}
 p - a potion of might {unknown}
 s - a potion of degeneration {unknown}
 v - a potion of flight {unknown}
Comestibles
 d - 4 rations


   Skills:
 + Level 4.9 Fighting
 + Level 1.8 Short Blades
 + Level 1.8 Long Blades
 + Level 1.8 Axes
 + Level 1.8 Maces & Flails
 + Level 4.9 Polearms
 + Level 1.8 Staves
 + Level 1.8 Slings
 + Level 1.8 Bows
 + Level 1.8 Crossbows
 + Level 1.8 Throwing
 + Level 3.1 Armour
 + Level 4.9 Dodging
 + Level 1.8 Stealth
 + Level 1.8 Shields
 + Level 1.8 Unarmed Combat
 + Level 5.3 Spellcasting
 + Level 1.4 Conjurations
 + Level 1.4 Hexes
 + Level 5.6 Charms
 + Level 1.4 Summonings
 + Level 1.4 Necromancy
 + Level 1.4 Translocations
 + Level 1.4 Transmutations
 + Level 1.4 Fire Magic
 + Level 1.4 Ice Magic
 + Level 1.4 Air Magic
 + Level 1.4 Earth Magic
 + Level 1.4 Poison Magic
 + Level 2.0 Invocations
 + Level 1.8 Evocations


You had 8 spell levels left.
You knew the following spells:

 Your Spells              Type           Power        Failure   Level  Hunger
a - Infusion              Chrm           ###.         2%          1    None
b - Spectral Weapon       Hex/Chrm       ###.....     19%         3    ##.....
c - Regeneration          Chrm/Necr      ###.......   19%         3    ##.....

Your spell library contained the following spells:

 Spells                   Type           Power        Failure   Level  Hunger
 Song of Slaying          Chrm           ###.....     4%          2    #......
 Shroud of Golubria       Chrm/Tloc      ###.......   10%         2    #......


Dungeon Overview and Level Annotations

Branches:
Dungeon (3/15)

Altars:

Annotations:
D:3 Grendash's ghost, amateur DDFi


Innate Abilities, Weirdness & Mutations

Your experience applies equally to all skills.
You have very sharp teeth.
Your uncanny sense of smell can sniff out nearby items.


Message History

You are too injured to fight recklessly!
You are too injured to fight recklessly!
You hit Grendash's ghost.
You bite Grendash's ghost, but do no damage.
Grendash's ghost is lightly damaged.
Your spectral weapon hits Grendash's ghost but does no damage.
Grendash's ghost hits you.
You hit Grendash's ghost.
Grendash's ghost is moderately damaged.
Your spectral weapon barely misses Grendash's ghost.
You hit Grendash's ghost.
Grendash's ghost is moderately damaged.
Your spectral weapon hits Grendash's ghost but does no damage.
Grendash's ghost hits you.
You hit Grendash's ghost but do no damage.
You bite Grendash's ghost, but do no damage.
Grendash's ghost is moderately damaged.
Your spectral weapon hits Grendash's ghost.
Grendash's ghost hits you!
You die...

........##............##...
....###.##............##... ..
#.##............##...
#.################...
#....................
#######.###.#.#.#.#.#.#.
≈≈≈≈≈≈#....#.#.#.#.#.#.#
≈)≈≈≈≈W(.##.#.#.#.#.#.#.
≈≈≈≈≈≈#@####.#.#.#.#.#.#
#######.# #.#.#.#.#.#.#. #.#
##.#.#.#.#.#.# #+#
#.###.#.#.#.#.#.#.
#.#########....#.#.#.#.#.#.#
#>.†.((((.......#.#.#.#.#.#.
#####################.#.#.#.#.#.#
..........# #.#.#.#.#.#.#.
#########.# ##.#.#.#.#.#.#


You could see Grendash's ghost and a friendly spectral +0 spear.

Vanquished Creatures
  A scorpion (D:2)
  An orc priest (D:3)
  Jessica (D:3)
  5 adders
  An ooze (D:2)
  3 worms
  3 dart slugs
  2 leopard geckos (D:2)
  8 orcs (D:3)
  2 ball pythons
  5 giant cockroaches
  5 goblins
  5 hobgoblins
  6 jackals
  2 quokkas
  10 bats
  4 frilled lizards
  12 kobolds
  8 rats
84 creatures vanquished.

Vanquished Creatures (others)
  A spectral weapon (D:3)
1 creature vanquished.

Grand Total: 85 creatures vanquished

Notes
Turn   | Place    | Note
-------+----------+-------------------------------------------
     0 | D:1      | troglodite the Gnoll Skald began the quest for the Orb.
     0 | D:1      | Reached XP level 1. HP: 20/20 MP: 6/6
   353 | D:1      | Reached XP level 2. HP: 24/26 MP: 7/7
   523 | D:1      | Reached XP level 3. HP: 28/31 MP: 9/9
   837 | D:2      | Reached skill level 5 in Spellcasting
   957 | D:2      | Reached skill level 1 in Invocations
   973 | D:2      | Learned a level 3 spell: Spectral Weapon
   977 | D:2      | Learned a level 3 spell: Regeneration
   995 | D:2      | Noticed a scorpion
  1018 | D:2      | Killed a scorpion
  1018 | D:2      | Reached skill level 1 in Short Blades
  1018 | D:2      | Reached skill level 1 in Long Blades
  1018 | D:2      | Reached skill level 1 in Axes
  1018 | D:2      | Reached skill level 1 in Maces & Flails
  1018 | D:2      | Reached skill level 1 in Staves
  1018 | D:2      | Reached skill level 1 in Slings
  1018 | D:2      | Reached skill level 1 in Bows
  1018 | D:2      | Reached skill level 1 in Crossbows
  1018 | D:2      | Reached skill level 1 in Throwing
  1018 | D:2      | Reached skill level 1 in Stealth
  1018 | D:2      | Reached skill level 1 in Shields
  1018 | D:2      | Reached skill level 1 in Unarmed Combat
  1018 | D:2      | Reached skill level 1 in Conjurations
  1018 | D:2      | Reached skill level 1 in Hexes
  1018 | D:2      | Reached skill level 1 in Summonings
  1018 | D:2      | Reached skill level 1 in Necromancy
  1018 | D:2      | Reached skill level 1 in Translocations
  1018 | D:2      | Reached skill level 1 in Transmutations
  1018 | D:2      | Reached skill level 1 in Fire Magic
  1018 | D:2      | Reached skill level 1 in Ice Magic
  1018 | D:2      | Reached skill level 1 in Air Magic
  1018 | D:2      | Reached skill level 1 in Earth Magic
  1018 | D:2      | Reached skill level 1 in Poison Magic
  1018 | D:2      | Reached skill level 1 in Evocations
  1018 | D:2      | Reached XP level 4. HP: 4/38 MP: 1/11
  1268 | D:2      | Reached XP level 5. HP: 30/43 MP: 8/12
  2797 | D:3      | Noticed Jessica
  2816 | D:3      | Killed Jessica
  2816 | D:3      | Reached XP level 6. HP: 39/50 MP: 9/13
  3242 | D:3      | Found a runed translucent door.
  3242 | D:3      | Noticed Grendash's ghost (amateur DDFi)
  3296 | D:3      | Slain by Grendash's ghost

Skill      XL: |  1  2  3  4  5 |
---------------+----------------+-----
Spellcasting   | 5 |  5.3
Invocations    | 1 2 |  2.0
Short Blades   | 1 |  1.8
Long Blades    | 1 |  1.8
Axes           | 1 |  1.8
Maces & Flails | 1 |  1.8
Staves         | 1 |  1.8
Slings         | 1 |  1.8
Bows           | 1 |  1.8
Crossbows      | 1 |  1.8
Throwing       | 1 |  1.8
Stealth        | 1 |  1.8
Shields        | 1 |  1.8
Unarmed Combat | 1 |  1.8
Conjurations   | 1 |  1.4
Hexes          | 1 |  1.4
Summonings     | 1 |  1.4
Necromancy     | 1 |  1.4
Translocations | 1 |  1.4
Transmutations | 1 |  1.4
Fire Magic     | 1 |  1.4
Ice Magic      | 1 |  1.4
Air Magic      | 1 |  1.4
Earth Magic    | 1 |  1.4
Poison Magic   | 1 |  1.4
Evocations     | 1 |  1.8
Armour         | 3 |  3.1
Fighting       | |  4.9
Polearms       | |  4.9
Dodging        | |  4.9
Charms         | |  5.6

Action                   |  1- 3 |  4- 6 || total
-------------------------+-------+-------++-------
Melee: Spear             |   154 |   233 ||   387
       Bite              |    11 |    23 ||    34
       Punch             |     1 |       ||     1
 Cast: Regeneration      |     2 |       ||     2
       Spectral Weapon   |     1 |     4 ||     5
 Stab: Distracted        |       |     2 ||     2
       Sleeping          |       |     4 ||     4
  Eat: Chunk             |       |     9 ||     9
Armor: Leather armour    |    35 |    18 ||    53
       Ring mail         |       |    33 ||    33
Dodge: Dodged            |   118 |    99 ||   217
